 Dungeon Crawl Stone Soup version 0.30.1-4-g462c640d31 (webtiles) character file.

Game seed: 243864989413654592

135 Almogavar the Charlatan (level 5, -9/41 HPs)
             Began as a Gnoll Wanderer on Sept 9, 2023.
             Mangled by an ogre
             ... wielding a +0 giant club
              (15 damage)
             ... on level 3 of the Dungeon.
             The game lasted 00:04:04 (2250 turns).

Almogavar the Charlatan (Gnoll Wanderer)            Turns: 2250, Time: 00:04:04

Health: -9/41      AC:  9    Str: 18    XL:     5   Next: 18%
Magic:  7/7        EV:  7    Int:  9    God:
Gold:   111        SH:  0    Dex:  9    Spells: 6/6 levels left

rFire   . . .        a - +0 spear
rCold   . . .        (no shield)
rNeg    . . .        b - +2 scale mail
rPois   .            (no helmet)
rElec   .            (no cloak)
rCorr   .            (no gloves)
SInv    .            (no boots)
Will    .....        i - amulet of regeneration Stlth
                     (no ring)
HPRegen 1.06/turn    (no ring)
MPRegen 0.10/turn

%: no passive effects
@: constricted
A: fangs 1, strong nose, distributed training
a: no special abilities


You were on level 3 of the Dungeon.
You visited 1 branch of the dungeon, and saw 4 of its levels.

You collected 111 gold pieces.

Inventory:

Hand Weapons
 a - a +0 spear (weapon)
Armour
 b - a +2 scale mail (worn)
Magical Staves
 k - a staff of air
Jewellery
 i - an amulet of regeneration (around neck)
Wands
 c - a wand of polymorph (6) (quivered)
Scrolls
 e - a scroll of magic mapping {unknown}
 g - a scroll of poison
 m - a scroll of brand weapon {unknown}
 n - a scroll of butterflies {unknown}
 p - a scroll of amnesia {unknown}
Potions
 d - a potion of lignification
 f - 2 potions of brilliance {unknown}
 h - a potion of berserk rage {unknown}
 j - 2 potions of heal wounds {unknown}
 l - a potion of curing {unknown}
 o - a potion of ambrosia {unknown}


   Skills:
 + Level 3.0 Fighting
 + Level 1.4 Short Blades
 + Level 1.4 Long Blades
 + Level 1.4 Axes
 + Level 1.4 Maces & Flails
 + Level 4.8 Polearms
 + Level 1.4 Staves
 + Level 1.4 Ranged Weapons
 + Level 1.4 Throwing
 + Level 6.7 Armour
 + Level 3.0 Dodging
 + Level 1.4 Stealth
 + Level 1.4 Shields
 + Level 1.4 Unarmed Combat
 + Level 1.4 Spellcasting
 + Level 1.1 Conjurations
 + Level 1.1 Hexes
 + Level 1.1 Summonings
 + Level 1.1 Necromancy
 + Level 1.1 Translocations
 + Level 1.1 Transmutations
 + Level 1.1 Fire Magic
 + Level 1.1 Ice Magic
 + Level 1.1 Air Magic
 + Level 1.1 Earth Magic
 + Level 1.1 Poison Magic
 + Level 1.6 Invocations
 + Level 6.7 Evocations


You had 6 spell levels left.
You didn't know any spells.
Your spell library contained the following spells:

 Spells                   Type           Power      Damage    Failure   Level
 Dazzling Flash           Conj/Hex       4%         N/A       88%         3
 Volatile Blastmotes      Fire/Tloc      4%         2d10      88%         3
 Iskenderun's Mystic Bla  Conj/Tloc      2%         2d3       99%         4
 Starburst                Conj/Fire      1%         6d3       100%        6


Dungeon Overview and Level Annotations

Branches:
Dungeon (4/15)
 Temple: D:4-7

Altars:
Cheibriados


Innate Abilities, Weirdness & Mutations

You have very sharp teeth.
Your uncanny sense of smell can sniff out nearby items.
Your experience applies equally to all skills.


Message History

The orc hits you but does no damage. x2
The ball python bites you but does no damage.
The ball python constricts you. The ogre hits you with a +0 giant club.
You hit the ogre.
The ogre is moderately wounded.
The orc hits you but does no damage. x2; The ball python closely misses you.
The ball python constricts you.
You hit the ogre.
The ogre is moderately wounded.
The ogre hits you with a +0 giant club!!
The orc hits you but does no damage. x2
The ball python bites you but does no damage.
The ball python constricts you.
You hit the ogre.
The ogre is heavily wounded.
The ball python bites you but does no damage.
The ball python constricts you. The orc hits you but does no damage.
The orc barely misses you.
You barely miss the ogre.
The ogre is heavily wounded.
The ogre barely misses you.
The ball python bites you but does no damage.
The ball python constricts you. The orc hits you but does no damage. x2
You hit the ogre.
The ogre is heavily wounded.
The ball python closely misses you. The ball python constricts you.
The orc hits you but does no damage. The ogre hits you with a +0 giant club!
* * * LOW HITPOINT WARNING * * *
The orc hits you with a +0 short sword.
* * * LOW HITPOINT WARNING * * *
You hit the ogre.
The ogre is heavily wounded.
The ball python bites you.
* * * LOW HITPOINT WARNING * * *
The ball python constricts you. The orc hits you but does no damage. x2
You barely miss the ogre.
The ogre is heavily wounded.
The ball python bites you but does no damage.
The ball python constricts you. The ogre hits you with a +0 giant club!
You die...

#.## ##.#....##
###.############.###....#
#.............##..#....##
#.#.#########.##.#....##
#.#.##### #.##.###.#########
#.#.....# #.##.# #.##....(..
#.#####.#####.##.#
#.##.######
#.###.......oSO..# #..#.##
#...........o@##.# ##....####
#####....#######.###........#
##.###.#..............##.#
#.## ##..####....#.#..##.#
#.# #.......#.##.....#.# #.##
##...#####..###..##>#
##.###.##[# #.#.#...##.##
##...###.# #.##.#.......
##.## #.# #.####...#...


You could see an ogre, 2 orcs and a ball python.

Vanquished Creatures
  An orc priest (D:3)
  3 gnolls (D:3)
  4 adders (D:2)
  2 dart slugs (D:2)
  An orc (D:3)
  2 endoplasms (D:2)
  5 giant cockroaches (D:2)
  3 goblins (D:2)
  3 jackals (D:1)
  A quokka (D:2)
  2 ball pythons (D:2)
  3 bats
  6 frilled lizards
  3 kobolds (D:1)
  A rat (D:1)
40 creatures vanquished.

Notes
Turn   | Place    | Note
-------+----------+-------------------------------------------
     0 | D:1      | Almogavar the Gnoll Wanderer began the quest for the Orb.
     0 | D:1      | Almogavar set off with the following items: a +0 spear, a
                  | +2 scale mail, a wand of polymorph (6), a potion of
                  | lignification.
     0 | D:1      | Reached XP level 1. HP: 17/17 MP: 1/1
   242 | D:1      | You fall into a shaft and drop 1 floor!
   275 | D:2      | Reached XP level 2. HP: 23/23 MP: 2/2
   466 | D:2      | Reached XP level 3. HP: 28/28 MP: 3/3
   718 | D:2      | Reached skill level 1 in Invocations
   780 | D:2      | Reached skill level 1 in Short Blades
   780 | D:2      | Reached skill level 1 in Long Blades
   780 | D:2      | Reached skill level 1 in Axes
   780 | D:2      | Reached skill level 1 in Maces & Flails
   780 | D:2      | Reached skill level 1 in Staves
   780 | D:2      | Reached skill level 1 in Ranged Weapons
   780 | D:2      | Reached skill level 1 in Throwing
   780 | D:2      | Reached skill level 1 in Stealth
   780 | D:2      | Reached skill level 1 in Shields
   780 | D:2      | Reached skill level 1 in Unarmed Combat
   780 | D:2      | Reached skill level 1 in Spellcasting
   813 | D:2      | Reached XP level 4. HP: 34/34 MP: 5/5
   883 | D:2      | Found a snail-covered altar of Cheibriados.
  1357 | D:1      | Found a faded altar of an unknown god.
  2039 | D:3      | Reached skill level 1 in Conjurations
  2039 | D:3      | Reached skill level 1 in Hexes
  2039 | D:3      | Reached skill level 1 in Summonings
  2039 | D:3      | Reached skill level 1 in Necromancy
  2039 | D:3      | Reached skill level 1 in Translocations
  2039 | D:3      | Reached skill level 1 in Transmutations
  2039 | D:3      | Reached skill level 1 in Fire Magic
  2039 | D:3      | Reached skill level 1 in Ice Magic
  2039 | D:3      | Reached skill level 1 in Air Magic
  2039 | D:3      | Reached skill level 1 in Earth Magic
  2039 | D:3      | Reached skill level 1 in Poison Magic
  2206 | D:4      | Noticed an ogre
  2216 | D:3      | Reached XP level 5. HP: 35/41 MP: 5/7
  2250 | D:3      | Mangled by an ogre

Illustrated notes

Levels and vault maps discovered:
D:1:      erik_arrival_orb_chamber, layout_loops_ring,
          shapermc_ecumenical_altar_hornbeckon, minmay_misc_feat_columns
D:2:      layout_loops_ring, basic_altar, nicolae_concentric_dashed_squares_wild
D:3:      layout_loops_ring, nicolae_kite_square_tiling_tiny
D:4:      layout_rooms, minmay_temple_entry_trees, portal_sewer_entry_a,
          solitary_fountain

Skill      XL: |  1  2  3  4 |
---------------+-------------+-----
Invocations    | 1 |  1.6
Short Blades   | 1 |  1.4
Long Blades    | 1 |  1.4
Axes           | 1 |  1.4
Maces & Flails | 1 |  1.4
Staves         | 1 |  1.4
Ranged Weapons | 1 |  1.4
Throwing       | 1 |  1.4
Stealth        | 1 |  1.4
Shields        | 1 |  1.4
Unarmed Combat | 1 |  1.4
Spellcasting   | 1 |  1.4
Conjurations   | 1 |  1.1
Hexes          | 1 |  1.1
Summonings     | 1 |  1.1
Necromancy     | 1 |  1.1
Translocations | 1 |  1.1
Transmutations | 1 |  1.1
Fire Magic     | 1 |  1.1
Ice Magic      | 1 |  1.1
Air Magic      | 1 |  1.1
Earth Magic    | 1 |  1.1
Poison Magic   | 1 |  1.1
Fighting       | 3 |  3.0
Dodging        | 3 |  3.0
Polearms       | |  4.8
Armour         | |  6.7
Evocations     | |  6.7

Action                     |  1- 3 |  4- 6 || total
---------------------------+-------+-------++-------
  Melee: Spear             |   108 |    80 ||   188
         Bite              |     1 |     7 ||     8
    Use: Scroll            |       |     1 ||     1
 Armour: Scale mail        |    30 |    35 ||    65
  Dodge: Dodged            |    42 |    44 ||    86
